 Dungeon Crawl Stone Soup version 0.23-a0-636-g0ff6057 (webtiles) character file.

109 Torious the Conjurer (level 4, 0/24 HPs)
             Began as a Deep Elf Conjurer on Dec 28, 2018.
             Succumbed to a scorpion's poison
             ... on level 3 of the Dungeon.
             The game lasted 00:04:23 (1588 turns).

Torious the Conjurer (Deep Elf Conjurer)            Turns: 1588, Time: 00:04:23

Health: 0/24       AC:  2    Str:  5    XL:     4   Next: 59%
Magic:  8/12       EV: 13    Int: 21    God:
Gold:   212        SH:  0    Dex: 15    Spells: 8/11 levels left

rFire    . . .     SeeInvis .   f - +4 dagger (speed)
rCold    . . .     Gourm    .   (no shield)
rNeg     . . .     Faith    .   a - +0 robe
rPois    .         Spirit   .   (no helmet)
rElec    .         Reflect  .   (no cloak)
rCorr    .         Harm     .   (no gloves)
MR       .....                  (no boots)
Stlth    ++........             (no amulet)
HPRegen  0.08/turn              (no ring)
MPRegen  0.13/turn              (no ring)

@: lethally poisoned (0 -> -2), hasted, drained, very quick
A: no striking features
a: no special abilities


You were on level 3 of the Dungeon.
You were not hungry.

You visited 1 branch of the dungeon, and saw 3 of its levels.

You collected 212 gold pieces.

Inventory:

Hand Weapons
 f - a +4 dagger of speed (weapon)
Armour
 a - a +0 robe (worn)
 e - a +0 buckler
Scrolls
 b - 2 scrolls of identify
 d - a scroll of fog
Comestibles
 c - 9 rations


   Skills:
 * Level 3.0(2.1) Dodging
 + Level 2.7(1.8) Stealth
 + Level 0.4(0.0) Shields
 - Level 4.0(3.0) Spellcasting
 * Level 5.8(4.8) Conjurations


You had 8 spell levels left.
You knew the following spells:

 Your Spells              Type           Power        Failure   Level  Hunger
a - Magic Dart            Conj           ###.         1%          1    None
b - Searing Ray           Conj           ###...       2%          2    ##.....

Your spell library contained the following spells:

 Spells                   Type           Power        Failure   Level  Hunger
 Dazzling Spray           Conj/Hex       ##....       14%         3    ###....
 Iskenderun's Mystic Bla  Conj           ###.....     19%         4    ####...
 Force Lance              Conj/Tloc      ##......     43%         4    ####...
 Fulminant Prism          Conj/Hex       ##........   43%         4    ####...


Dungeon Overview and Level Annotations

Branches:
Dungeon (3/15)

Altars:


Message History

* * * LOW HITPOINT WARNING * * *
You feel sick.
Okay, then.
There is a lethal amount of poison in your body!
* * * LOW HITPOINT WARNING * * *
You feel sick.
* * * LOW HITPOINT WARNING * * *
You feel sick.
* * * LOW HITPOINT WARNING * * *
You feel sick.
Found a scroll labeled NUMUICK WEAPT.
* * * LOW HITPOINT WARNING * * *
You feel sick.
You see here a scroll labeled NUMUICK WEAPT.
As you read the scroll labeled NUMUICK WEAPT, it crumbles to dust.
You hear a loud clanging noise!
It was a scroll of noise.
* * * LOW HITPOINT WARNING * * *
You feel sick.
You die...

#.......#
########.#####.#
#........#####.#
#.#####........###
#.# ......##.#.##
#.# .#..##.##....##
#.# #.#..##.##.....#
#.###.#..##.....††..
#..@...........#.###
#.###.#.#.####.#.#
#.# ... ####.#.# #.#
........#'## #.#
...(.##...## #.#
..#.......# #.#
.##....... #.
#......<. +........


There were no monsters in sight!

Vanquished Creatures
  A scorpion (D:3)
  2 oozes
  A worm (D:2)
  A leopard gecko (D:1)
  A ball python (D:2)
  3 giant cockroaches (D:1)
  7 hobgoblins
  5 kobolds
  A bat (D:1)
  5 frilled lizards
  9 goblins
  7 rats
43 creatures vanquished.

Notes
Turn   | Place    | Note
-------+----------+-------------------------------------------
     0 | D:1      | Torious the Deep Elf Conjurer began the quest for the Orb.
     0 | D:1      | Reached XP level 1. HP: 10/10 MP: 6/6
   109 | D:1      | Reached XP level 2. HP: 15/15 MP: 5/8
   113 | D:1      | Learned a level 2 spell: Searing Ray
   236 | D:1      | Reached skill level 5 in Conjurations
   804 | D:2      | Reached XP level 3. HP: 19/19 MP: 3/10
  1556 | D:3      | Noticed a scorpion
  1560 | D:3      | Killed a scorpion
  1560 | D:3      | Reached XP level 4. HP: 7/24 MP: 6/12
  1582 | D:3      | HP: 1/24 [poisoned by a scorpion]
  1588 | D:3      | Succumbed to a scorpion's poison

Vault maps used:
D:1:      dpeg_arrival_orchard, serial_bayou_pond_c, dk_noncrumbling_4
D:2:      first_ration, palyth_stone_intersect, minmay_goblin_outpost
D:3:      old_standard_altar, minitemple, serial_park_tiny_2,
          uniq_crazy_yiuf_cottage

Skill      XL: |  1  2  3 |
---------------+----------+-----
Conjurations   | 5 |  5.8
Spellcasting   | 4 |  4.0
Dodging        | 3 |  3.0
Stealth        | |  2.7
Shields        | |  0.4

Action                   |  1- 3 |  4- 6 || total
-------------------------+-------+-------++-------
 Cast: Magic Dart        |    66 |       ||    66
       Searing Ray       |     2 |       ||     2
  Use: Scroll            |     4 |     1 ||     5
       Potion            |       |     1 ||     1
  Eat: Chunk             |     2 |       ||     2
Armor: Robe              |     1 |       ||     1
Dodge: Dodged            |     4 |       ||     4

Table legend:
 A = Non-vault XP
 B = Vault XP
 C = Vault XP percentage of total XP
 D = Non-vault monster count
 E = Vault monster count
 F = Vault count percentage of total count
                 A         B        C        D         E       F
            +---------+---------+-------+---------+---------+-------
      Total |     142 |      14 |   9.0 |      36 |       7 |  16.3
            +---------+---------+-------+---------+---------+-------
        D:1 |      34 |       0 |   0.0 |      17 |       0 |   0.0
        D:2 |      32 |      14 |  30.4 |      16 |       7 |  30.4
        D:3 |      76 |       0 |   0.0 |       3 |       0 |   0.0
            +---------+---------+-------+---------+---------+-------
